 Dungeon Crawl Stone Soup version 0.20.1-1-g8b1a95d (webtiles) character file.

5 Arsonius the Charmwright (level 1, 0/16 HPs)
             Began as a Formicid Skald on Sept 22, 2017.
             Succumbed to an adder's poison
             ... on level 1 of the Dungeon.
             The game lasted 00:03:34 (264 turns).

Arsonius the Charmwright (Formicid Skald)            Turns: 264, Time: 00:03:35

Health: 0/16       AC:  3    Str: 15    XL:     1   Next: 88%
Magic:  2/3        EV: 11    Int: 12    God:
Gold:   43         SH:  0    Dex: 10    Spells: 3/4 levels left

rFire    . . .     SeeInvis +   a - +0 falchion
rCold    . . .     Gourm    .   (no shield)
rNeg     . . .     Faith    .   b - +0 leather armour
rPois    .         Spirit   .   (helmet unavailable)
rElec    .         Reflect  .   (no cloak)
rCorr    .         Harm     .   (no gloves)
MR       .....                  (no boots)
Stlth    +.........             (no amulet)
Regen    0.1/turn               (no ring)
MPRegen  0.1/turn               (no ring)

@: lethally poisoned (0 -> -8), very slightly contaminated
A: permanent stasis, dig shafts and tunnels, four strong arms, antennae 3
a: Dig, Shaft Self


You were on level 1 of the Dungeon.
You were not hungry.

You visited 1 branch of the dungeon, and saw 1 of its levels.

You collected 43 gold pieces.

Inventory:

Hand Weapons
 a - a +0 falchion (weapon)
 j - a +0 antimagic dagger
Missiles
 g - 34 stones (quivered)
 i - 17 bolts
Armour
 b - a +0 leather armour (worn)
Jewellery
 e - an uncursed ring of flight {unknown}
Scrolls
 h - a scroll of identify {unknown}
 k - a scroll of fog {unknown}
Potions
 l - a potion of curing {unknown}
 m - a potion of magic {unknown}
Books
 c - a book of Battle

   Spells                             Type                      Level
   a - Infusion                       Charms                       1
   b - Shroud of Golubria             Charms/Translocation         2
   c - Song of Slaying                Charms                       2
   d - Spectral Weapon                Hexes/Charms                 3
   e - Regeneration                   Charms/Necromancy            3
Comestibles
 d - a bread ration
 f - 2 chunks of flesh


   Skills:
 + Level 2.2 Fighting
 + Level 2.0 Long Blades
 + Level 1.1 Armour
 + Level 1.7 Dodging
 + Level 2.2 Spellcasting
 + Level 3.2 Charms


You had 3 spell levels left.
You knew the following spells:

 Your Spells              Type           Power        Failure   Level  Hunger
a - Infusion              Chrm           #...         9%          1    ##.....


Dungeon Overview and Level Annotations

Branches:
Dungeon (1/15)

Altars:


Innate Abilities, Weirdness & Mutations

You cannot be hasted, slowed, berserked, paralysed or teleported.
You can dig through walls and to a lower floor.
Your four strong arms can wield two-handed weapons with a shield.
You have a pair of large antennae on your head. (SInv)


Message History

Confirm with . or Enter, or press ? or * to list all spells.
You miscast Infusion.
You are very lightly contaminated with residual magic.
Your skin glows momentarily.
The adder barely misses you.
You barely miss the adder. The adder bites you.
You are poisoned.
The adder poisons you!
You barely miss the adder.
You feel sick. The adder bites you. The adder bites you but does no damage.
You barely miss the adder. The adder closely misses you.
You riposte.
You hit the adder but do no damage. You barely miss the adder.
You feel sick. The adder bites you.
You are lethally poisoned!
The adder poisons you! The adder bites you.
* * * LOW HITPOINT WARNING * * *
You barely miss the adder. The adder bites you.
* * * LOW HITPOINT WARNING * * *
You barely miss the adder.
You die...

.######.##.#
#######.......##. ......#.#
.# #.. #.......##. .######.#
###..# #.#.###.##. .........
...# #.#.# #.... #######.#
##..#######.#.# ####+
#....##. #........##.#..
........# #........##.#..
........#####..?......#.....
................@S....+ ....
..........#....?###...#
......... #.....# .#
......... #...).# .......#
#.....#### #'######
##.......... #.#
#.........$. { #.#
#.####.##### #.#####
#.........


You could see an adder.

Vanquished Creatures
  A dart slug (D:1)
  A goblin (D:1)
  A frilled lizard (D:1)
  A rat (D:1)
4 creatures vanquished.

Notes
Turn   | Place    | Note
-------+----------+-------------------------------------------
     0 | D:1      | Arsonius the Formicid Skald began the quest for the Orb.
     0 | D:1      | Reached XP level 1. HP: 16/16 MP: 3/3
   264 | D:1      | Succumbed to an adder's poison

Action                   || total
-------------------------++-------
Melee: Falchion          ||    25
 Cast: Infusion          ||     3
Armor: Leather armour    ||     5
Dodge: Dodged            ||    11
       Rpst.: Falchion   ||     4
